 Dungeon Crawl Stone Soup version 0.29-a0-700-g2f1814c7b2 (webtiles) character file.

Game seed: 4788302030549902554

60 buhh the Bolt Thrower (level 4, -2/26 HPs)
             Began as a Kobold Hunter on June 25, 2022.
             Slain by a gnoll
             ... wielding a +0 flail
              (6 damage)
             ... on level 2 of the Dungeon.
             The game lasted 00:03:19 (2099 turns).

buhh the Bolt Thrower (Kobold Hunter)               Turns: 2099, Time: 00:03:19

Health: -2/26      AC:  5    Str:  8    XL:     4   Next: 24%
Magic:  4/4        EV: 14    Int: 10    God:
Gold:   49         SH:  0    Dex: 20    Spells: 3/3 levels left

rFire   . . .      SeeInvis .   a - +1 hand crossbow
rCold   . . .      Faith    .   (no shield)
rNeg    . . .      Spirit   .   b - +0 leather armour
rPois   .          Reflect  .   (no helmet)
rElec   .          Harm     .   (no cloak)
rCorr   .          Rampage  .   (no gloves)
Will    +....                   c - +1 pair of boots
Stlth   ++++......              (no amulet)
HPRegen 0.08/turn               f - ring of willpower
MPRegen 0.09/turn               (no ring)

@: attractive
A: small, no large weapons, nightstalker 3
a: no special abilities


You were on level 2 of the Dungeon.
You visited 1 branch of the dungeon, and saw 3 of its levels.

You collected 49 gold pieces.

Inventory:

Hand Weapons
 a - a +1 hand crossbow (weapon)
 h - a +0 arbalest
Armour
 b - a +0 leather armour (worn)
 c - a +1 pair of boots (worn)
Jewellery
 f - a ring of willpower (left hand)
Scrolls
 e - 3 scrolls of teleportation {unknown}
 T - a scroll of immolation {!d}
Potions
 d - a potion of haste {unknown}
 g - a potion of attraction


   Skills:
 - Level 2.1 Fighting
 * Level 6.3 Crossbows
 - Level 2.4 Dodging
 - Level 4.0 Stealth


You had 3 spell levels left.
You didn't know any spells.
Your spell library contained the following spells:

 Spells                   Type           Power      Damage    Failure   Level
 Foxfire                  Conj/Fire      0%         2x1d4     50%         1
 Conjure Flame            Conj/Fire      0%         6-21      86%         3
 Inner Flame              Hex/Fire       0%         N/A       86%         3
 Flame Wave               Conj/Fire      0%         2d4       99%         4


Dungeon Overview and Level Annotations

Branches:
Dungeon (3/15) Zot: 15875

Altars:


Innate Abilities, Weirdness & Mutations

You are small and have problems with some larger weapons.
You are completely attuned to the shadows.


Message History

The bolt hits the gnoll.
The gnoll is moderately wounded.
A gnoll comes into view. It is wielding a +0 club.
The gnoll misses you.
The gnoll hits you from afar with a +0 halberd.
There is a stone staircase leading up here.
You shoot a bolt. The bolt closely misses the gnoll.
The gnoll hits you from afar with a +0 halberd!
The gnoll closely misses you. The gnoll barely misses you.
You climb upwards.
There is a stone staircase leading down here.
You shoot a bolt. The bolt hits the gnoll.
The gnoll is heavily wounded.
The gnoll closely misses you.
You shoot a bolt. The bolt completely misses the gnoll.
The gnoll closely misses you.
You shoot a bolt. The bolt hits the gnoll.
The gnoll is heavily wounded.
The gnoll misses you.
You shoot a bolt. The bolt barely misses the gnoll.
The gnoll hits you with a +0 flail! The gnoll hits you with a +0 flail.
* * * LOW HITPOINT WARNING * * *
Shoot: a) +1 hand crossbow
Press: ? - help, Q - select action Shift-Dir - straight line, f/p - gnoll
Aim: a gnoll, wielding a +0 flail (heavily wounded, 71% to hit)
You shoot a bolt.
The bolt hits the gnoll but does no damage.
The gnoll is heavily wounded.
The gnoll barely misses you.
Shoot: a) +1 hand crossbow
Press: ? - help, Q - select action Shift-Dir - straight line, f/p - gnoll
Aim: a gnoll, wielding a +0 flail (heavily wounded, 71% to hit)
You shoot a bolt.
The bolt hits the gnoll but does no damage.
The gnoll is heavily wounded.
The gnoll closely misses you.
It was a potion of attraction.
You feel attractive to monsters. The gnoll hits you with a +0 flail.
You die...

.................########
.#####.#########.#..†...#
.#...............#.####.#
.#.###.###########.# #.#
.#.........# #...#.# #.#
.#.........# #.#.#.# #.#
.#.........# #.#.#.# #.#
.#.........# #.#g#.# #.#
##.........# #.#@#.# #.#
.....#.#+#.###.#.#.# #.#
##.#.#.#.#.....#.#.# #.#
#.#.#.#.#.#####.#.# #.#
#.#.#.#...#.....#.# #.#
#.#.#...###.#####.# #.#
#.#...............# #.#
##.#.....###.####### #.#
...#.....# #.# #.#


You could see a gnoll.

Vanquished Creatures
  2 worms (D:2)
  3 orcs
  5 ball pythons
  4 bats
  6 endoplasms
  4 giant cockroaches
  5 hobgoblins
  4 quokkas
  A frilled lizard (D:2)
  5 goblins
  4 kobolds
  A rat (D:1)
44 creatures vanquished.

Notes
Turn   | Place    | Note
-------+----------+-------------------------------------------
     0 | D:1      | buhh the Kobold Hunter began the quest for the Orb.
     0 | D:1      | Reached XP level 1. HP: 12/12 MP: 1/1
   122 | D:1      | Reached XP level 2. HP: 17/17 MP: 2/2
   446 | D:1      | Reached XP level 3. HP: 21/21 MP: 3/3
   736 | D:1      | Found a faded altar of an unknown god.
  1245 | D:2      | Reached skill level 6 in Crossbows
  1429 | D:2      | Reached XP level 4. HP: 26/26 MP: 4/4
  2099 | D:2      | Slain by a gnoll

Illustrated notes

Levels and vault maps discovered:
D:1:      scummos_arrival_simple_crosswalls, layout_loops_ring,
          ebering_ecumenical_altar_abandoned, st_stairs_4
D:2:      layout_basic
D:3:      layout_basic, zin_statuary, nrook_mini_backslash, minivault_27,
          uniq_robin

Skill      XL: |  1  2  3 |
---------------+----------+-----
Stealth        | 2 3 4 |  4.0
Crossbows      | 6 |  6.3
Fighting       | |  2.1
Dodging        | |  2.4

Action                   |  1- 3 |  4- 6 || total
-------------------------+-------+-------++-------
 Fire: Hand crossbow     |    74 |    20 ||    94
  Use: Potion            |       |     1 ||     1
Armor: Leather armour    |     6 |       ||     6
Dodge: Dodged            |    18 |     9 ||    27

Table legend: (Time is in decaauts)
 A = Elapsed time spent in this place.
 B = Non-inter-level travel time spent in this place.
 C = Inter-level travel time spent in this place.
 D = Time resting spent in this place.
 E = Time spent auto-exploring this place.
 F = Levels seen in this place.
 G = Mean time per level.
                   A        B        C        D        E       F      G
               +--------+--------+--------+--------+--------+-----+--------+
         Total |   2124 |   1989 |    135 |      0 |   1780 |   3 |  708.0 |
       Dungeon |   2124 |   1989 |    135 |      0 |   1780 |   3 |  708.0 |
               +--------+--------+--------+--------+--------+-----+--------+

Top non-repeatable levels by time:
     D:2: 1224 daAuts
     D:1: 854 daAuts
     D:3: 45 daAuts
